 Dungeon Crawl Stone Soup version 0.29.0-10-g45618ea6d2 (webtiles) character file.

Game seed: 18275789449193834212

676 keekatzer the Covered (level 7, -1/40 HPs)
             Began as a Gargoyle Gladiator on Sept 2, 2022.
             Was a Believer of Okawaru.
             Killed from afar by Dowan (13 damage)
             ... with a shard of ice
             ... on level 4 of the Dungeon.
             The game lasted 00:10:20 (1913 turns).

keekatzer the Covered (Gargoyle Gladiator)          Turns: 1913, Time: 00:10:21

Health: -1/40      AC: 21    Str: 21 (24) XL:     7   Next: 59%
Magic:  6/7        EV:  7    Int:  8 (9)  God:    Okawaru [**....]
Gold:   101        SH:  5    Dex: 11 (13) Spells: 6/6 levels left

rFire   . . .      SeeInvis .   n - +7 hammer "Xitwelue" {flame, rElec Str+7}
rCold   . . .      Faith    .   (no shield)
rNeg    + . .      Spirit   .   h - +0 plate armour
rPois   ∞          Reflect  +   c - +0 helmet
rElec   +          Harm     .   i - +0 cloak
rCorr   +          Rampage  .   (no gloves)
Will    .....                   r - +0 pair of boots
Stlth   ..........              m - amulet of reflection
HPRegen 0.13/turn               f - ring of resist corrosion
MPRegen 0.10/turn               (no ring)

@: no status effects
A: sickness immunity, AC +4, negative energy resistance 1, electricity
resistance, torment resistance 1, petrification resistance
a: Renounce Religion, Heroism


You were on level 4 of the Dungeon.
You worshipped Okawaru.
Okawaru was pleased with you.
You visited 1 branch of the dungeon, and saw 4 of its levels.

You collected 101 gold pieces.

Inventory:

Hand Weapons
 n - the +7 hammer "Xitwelue" (weapon) {flame, rElec Str+7}
   (You found it on level 2 of the Dungeon)

   It burns those it strikes, dealing additional fire damage.
   Str:       It affects your strength (+7).
   rElec:     It insulates you from electricity.
 o - the +11 hammer "Lifebane" {vorpal, Str+2 Stlth+}
   (You found it on level 2 of the Dungeon)

   It inflicts extra damage upon your enemies.
   Str:       It affects your strength (+2).
   Stlth:     It makes you more stealthy.
Missiles
 d - 3 throwing nets (quivered)
 e - a javelin
Armour
 c - a +0 helmet (worn)
 g - a +0 ring mail
 h - a +0 plate armour (worn)
 i - a +0 cloak (worn)
 r - a +0 pair of boots (worn)
Jewellery
 f - a ring of resist corrosion (left hand)
 m - an amulet of reflection (around neck)
Wands
 a - a wand of roots (3)
Scrolls
 k - a scroll of butterflies {unknown}
 l - a scroll of blinking {unknown}
 p - a scroll of noise {unknown}
 q - a scroll of fear {unknown}
 s - 2 scrolls of enchant armour {unknown}
 t - a scroll of silence {unknown}
 u - a scroll of identify {unknown}
Potions
 v - a potion of haste {unknown}
 w - a potion of resistance {unknown}
 x - a potion of mutation {unknown}
 z - a potion of cancellation {unknown}


   Skills:
 - Level 2.2 Fighting
 - Level 2.7(4.0) Axes
 + Level 4.9(5.4) Maces & Flails
 - Level 1.7 Throwing
 + Level 6.4 Armour
 - Level 2.6 Dodging


You had 6 spell levels left.
You didn't know any spells.
Your spell library contained the following spells:

 Spells                   Type           Power      Damage    Failure   Level
 Orb of Destruction       Conj           0%         9d5       100%        7
 Summon Guardian Golem    Hex/Summ       Unusable   N/A       N/A         3
 Spellforged Servitor     Conj/Summ      Unusable   N/A       N/A         7

Dungeon Overview and Level Annotations

Branches:
Dungeon (4/15)
 Temple: D:4-7

Altars:
Okawaru
Trog
Xom

Annotations:
D:4 Dowan


Innate Abilities, Weirdness & Mutations

You are immune to sickness and miasma.
Your stone body is resilient. (AC +4)
You are immune to poison.
You resist negative energy. (rN+)
You are resistant to electric shocks. (rElec)
You are resistant to unholy torment.
You are immune to petrification.


Message History

Dowan blinks!
You block Duvessa's attack. The grasping roots constrict you.
* * * LOW HITPOINT WARNING * * *
You thump Duvessa! You burn Duvessa.
You kill Duvessa!
Okawaru accepts your kill.
Dowan screams, "No!
Oh no!"
Dowan seems to find hidden reserves of power!
It was a potion of degeneration.
There was something very wrong with that liquid.
You feel weakened.
You feel dopey.
You feel clumsy. You block Dowan's attack.
It was a potion of heal wounds.
You feel much better. Dowan hits you but does no damage.
Dowan hits you with a +2 dagger of speed.
You closely miss Dowan.
You feel like a meek peon again.
Dowan hits you with a +2 dagger of speed.
Dowan hits you but does no damage.
You hit Dowan. You burn Dowan.
Dowan is moderately wounded.
Dowan hits you but does no damage. Dowan gestures at you while chanting.
The shard of ice hits you!!
Ouch! That really hurt!
* * * LOW HITPOINT WARNING * * *
You miss Dowan.
Dowan is moderately wounded.
You block Dowan's attack. Dowan gestures at you while chanting.
The stone arrow hits you but does no damage.
You barely miss Dowan.
Dowan is moderately wounded.
Dowan breathes, "And she was my only..."
You block Dowan's attack. Dowan hits you but does no damage.
You block Dowan's attack.
You sock Dowan! You burn Dowan.
Dowan is severely wounded.
Dowan points at you and mumbles some strange words.
The shard of ice hits you!
You die...

.## ..## ...
#.. #.# #.#
#.# # ####.#
#.# #.#...)#
#.#
###....e@##
#.#
.?........#
#.#
######.#..##
#.#
#.#...######.
#.###
#.#..........
#....
#.#...#######
##### #
#######.#.###
.###.........#
.........####
#####


You could see Dowan (fast).

Vanquished Creatures
  Sigmund (D:2)
  Duvessa (D:4)
  An ice beast (D:3)
  2 scorpions (D:4)
  2 hounds (D:4)
  Crazy Yiuf (D:2)
  An iguana (D:4)
  5 adders (D:2)
  An orc (D:4)
  5 ball pythons
  4 bats
  3 endoplasms
  2 giant cockroaches
  7 goblins
  8 hobgoblins
  4 jackals (D:3)
  3 kobolds
  3 quokkas
  5 frilled lizards
  3 rats
62 creatures vanquished.

Vanquished Creatures (others)
  A wizard (D:4)
  2 plants (D:2)
3 creatures vanquished.

Grand Total: 65 creatures vanquished

Notes
Turn   | Place    | Note
-------+----------+-------------------------------------------
     0 | D:1      | keekatzer the Gargoyle Gladiator began the quest for the
                  | Orb.
     0 | D:1      | Reached XP level 1. HP: 12/12 MP: 1/1
   269 | D:1      | Reached XP level 2. HP: 17/17 MP: 2/2
   380 | D:1      | Reached skill level 1 in Armour
   409 | D:1      | Found a faded altar of an unknown god.
   419 | D:1      | Prayed at the altar of an unknown god.
   419 | D:1      | Became a worshipper of Warmaster Okawaru
   419 | D:1      | Reached * piety under Okawaru
   614 | D:2      | Reached skill level 2 in Armour
   614 | D:2      | Reached XP level 3. HP: 18/21 MP: 3/3
   769 | D:2      | Reached skill level 3 in Armour
   793 | D:2      | Identified the +7 hammer "Xitwelue" {flame, rElec Str+7}
   795 | D:2      | Identified the +11 hammer "Lifebane" {vorpal, Str+2 Stlth+}
   808 | D:2      | Found a runed translucent door.
   809 | D:2      | Noticed Crazy Yiuf
   814 | D:2      | Killed Crazy Yiuf
   815 | D:2      | Reached skill level 1 in Maces & Flails
   815 | D:2      | Reached XP level 4. HP: 26/26 MP: 4/4
   959 | D:2      | Noticed Sigmund
   975 | D:2      | Killed Sigmund
   975 | D:2      | Reached ** piety under Okawaru
   976 | D:2      | Reached skill level 4 in Armour
   976 | D:2      | Reached XP level 5. HP: 15/30 MP: 3/5
   976 | D:2      | Reached XP level 6. HP: 17/35 MP: 3/6
  1292 | D:3      | Found a shimmering altar of Xom.
  1321 | D:3      | Noticed an ice beast
  1328 | D:3      | Killed an ice beast
  1329 | D:3      | Reached skill level 5 in Armour
  1583 | D:4      | Reached XP level 7. HP: 37/40 MP: 7/7
  1815 | D:4      | Found a bloodstained altar of Trog.
  1816 | D:4      | Noticed a wizard
  1821 | D:4      | Killed a wizard
  1877 | D:4      | Reached skill level 6 in Armour
  1889 | D:4      | Noticed Duvessa
  1890 | D:4      | Noticed Dowan
  1905 | D:4      | HP: 1/40 [constriction (5)]
  1906 | D:4      | Killed Duvessa
  1913 | D:4      | Killed from afar by Dowan

Illustrated notes

Levels and vault maps discovered:
D:1:      minmay_arrival_plants_in_alcoves, layout_loops_cross,
          dreamdust_ecumenical_altar_statues
D:2:      layout_rooms, serial_forest, infiniplex_forest_clump_cross,
          infiniplex_forest_lined_room_3, infiniplex_forest_lined_room_,
          infiniplex_forest_lined_3, infiniplex_forest_clump_long,
          infiniplex_forest_lined_room_, minmay_tall_x, uniq_sigmund,
          uniq_crazy_yiuf_cottage
D:3:      layout_rooms, mainiacjoe_overflow_paths,
          nicolae_hepliaklqana_hippocampus
D:4:      layout_loops_ring, trog_wizard, enter_ossuary_5,
          kennysheep_generic_room_13, uniq_duvessa

Skill      XL: |  1  2  3  4  5  6  7 |
---------------+----------------------+-----
Armour         | 2 3 4 5 6 |  6.4
Maces & Flails | 1 3 4 |  4.9
Fighting       | |  2.2
Axes           | |  2.7
Throwing       | |  1.7
Dodging        | |  2.6

Action                   |  1- 3 |  4- 6 |  7- 9 || total
-------------------------+-------+-------+-------++-------
Melee: War axe           |    80 |       |       ||    80
       Punch             |     1 |     1 |     1 ||     3
       Mace              |     2 |    53 |    38 ||    93
Invok: Heroism           |       |     1 |     1 ||     2
  Use: Potion            |       |       |     2 ||     2
Armor: Leather armour    |     9 |       |       ||     9
       Ring mail         |    23 |    14 |       ||    37
       Plate armour      |       |    15 |    22 ||    37
Dodge: Dodged            |    58 |    27 |    11 ||    96
Block: Other             |       |     8 |    15 ||    23
